 Dungeon Crawl Stone Soup version 0.27.1-1-g398f81649c (webtiles) character file.

Game seed: 17866042324702689575

133 aster the Chopper (level 5, 0/43 (47) HPs)
             Began as a Hill Orc Fighter on Sept 8, 2021.
             Slain by a kobold (1 damage)
             ... on level 4 of the Dungeon.
             The game lasted 00:04:48 (2916 turns).

aster the Chopper (Hill Orc Fighter)                Turns: 2916, Time: 00:04:52

HP:   0/43 (47)     AC:  8    Str: 20    XL:     5   Next: 16%
MP:   5/5           EV:  7    Int:  8    God:
Gold: 150           SH:  9    Dex: 10    Spells: 4/4 levels left

rFire    . . .     SeeInvis .   o - +5 mace
rCold    . . .     Faith    .   c - +0 kite shield
rNeg     . . .     Spirit   .   b - +0 scale mail
rPois    .         Reflect  .   k - +0 helmet
rElec    .         Harm     .   (no cloak)
rCorr    .         Rampage  .   (no gloves)
Will     .....                  (no boots)
Stlth    ..........             (no amulet)
HPRegen  0.14/turn              (no ring)
MPRegen  0.09/turn              (no ring)

@: drained
A: no striking features
a: no special abilities


You were on level 4 of the Dungeon.
You visited 1 branch of the dungeon, and saw 4 of its levels.

You collected 150 gold pieces.

Inventory:

Hand Weapons
 a - a +0 war axe
 o - a +5 mace (weapon)
Missiles
 h - 19 poisoned darts (quivered)
Armour
 b - a +0 scale mail (worn)
 c - a +0 kite shield (worn)
 k - a +0 helmet (worn)
Jewellery
 m - a ring of magical power
Wands
 j - a wand of flame (26)
Scrolls
 e - a scroll of magic mapping {unknown}
Potions
 d - a potion of might
 f - 3 potions of flight
 l - a potion of resistance {unknown}


   Skills:
 + Level 4.6 Fighting
 * Level 5.0 Axes
 - Level 3.5 Armour
 + Level 4.1 Shields


You had 4 spell levels left.
You didn't know any spells.
Your spell library contained the following spells:

 Spells                   Type           Power      Damage    Failure   Level
 Ensorcelled Hibernation  Hex/Ice        0%         N/A       100%        2
 Spider Form              Tmut/Pois      0%         N/A       100%        3
 Shadow Creatures         Summ           N/A        N/A       100%        6


Dungeon Overview and Level Annotations

Branches:
Dungeon (4/15)
 Temple: D:4-7

Altars:
Trog


Message History

The adder skeleton bites you but does no damage.
The kobold closely misses you.
You sock the adder skeleton!
The adder skeleton is almost destroyed.
You block the adder skeleton's attack. The kobold barely misses you.
The adder skeleton barely misses you.
You barely miss the adder skeleton.
The adder skeleton is almost destroyed.
You block the kobold's attack. The kobold barely misses you.
You closely miss the adder skeleton.
The adder skeleton is almost destroyed.
The kobold hits you but does no damage. The ogre barely misses you.
The adder skeleton bites you but does no damage.
You thump the adder skeleton!
You destroy the adder skeleton!
The kobold barely misses you. The ogre barely misses you.
The kobold barely misses you.
You sock the ogre!
The ogre is moderately wounded.
You block the adder skeleton's attack. You block the ogre's attack.
You block the kobold's attack.
The adder skeleton bites you but does no damage.
You hit the ogre.
The ogre is moderately wounded.
The adder skeleton bites you but does no damage.
You block the kobold's attack. You block the ogre's attack.
The adder skeleton bites you. The kobold hits you with a +0 dagger.
You barely miss the ogre.
The ogre is moderately wounded.
The ogre hits you with a +0 giant spiked club!
You block the adder skeleton's attack. The kobold closely misses you.
The ogre completely misses you. The adder skeleton bites you.
Your shield prevents you from hitting the ogre.
The ogre is moderately wounded.
The kobold closely misses you. The adder skeleton bites you.
The ogre hits you with a +0 giant spiked club!!
Ouch! That really hurt!
* * * LOW HITPOINT WARNING * * *
The kobold hits you with a +0 dagger.
You die...

#.......##..........
#........#.....###..
#####..............# .#
#......#.#####....... #
##.....##.#.###<.......
#......................
#...#.......# ..
######...Z.##.##
##.@O...... #.#K..##..
#..#....... #....#.....
#...##..... ##.## ....
### ... ...


You could see an ogre, a kobold and an adder skeleton.

Vanquished Creatures
  Jessica (D:2)
  Robin (D:2)
  An adder (D:3)
  An adder skeleton (D:4)
  A worm (D:2)
  A dart slug (D:3)
  5 orcs (D:3)
  5 ball pythons
  5 endoplasms
  3 giant cockroaches
  15 goblins
  4 hobgoblins
  2 kobolds
  4 quokkas
  9 bats
  3 frilled lizards
  5 rats
66 creatures vanquished.

Notes
Turn   | Place    | Note
-------+----------+-------------------------------------------
     0 | D:1      | aster the Hill Orc Fighter began the quest for the Orb.
     0 | D:1      | Reached XP level 1. HP: 19/19 MP: 1/1
    96 | D:1      | Reached XP level 2. HP: 23/27 MP: 2/2
   381 | D:1      | Found a faded altar of an unknown god.
   398 | D:1      | Reached skill level 3 in Axes
  1024 | D:2      | Noticed Jessica
  1029 | D:2      | Killed Jessica
  1030 | D:2      | Reached XP level 3. HP: 33/33 MP: 3/3
  1086 | D:2      | Reached skill level 4 in Axes
  1086 | D:2      | Noticed Robin
  1091 | D:2      | Reached XP level 4. HP: 26/40 MP: 4/4
  1099 | D:2      | Killed Robin
  1959 | D:3      | Reached XP level 5. HP: 3/41 MP: 5/5
  2875 | D:4      | Found a bloodstained altar of Trog.
  2881 | D:4      | Reached skill level 5 in Axes
  2906 | D:4      | Noticed an ogre
  2916 | D:4      | HP: 1/43 [ogre (28)]
  2916 | D:4      | Slain by a kobold

Illustrated notes

Levels and vault maps discovered:
D:1:      lightli_arrival_noodles, layout_basic,
          hellmonk_ecumenical_altar_heavens_door
D:2:      layout_basic, uniq_jessica, uniq_robin
D:3:      layout_loops_ring, solitary_fountain, minmay_hedge_maze,
          grunt_ministairs_14
D:4:      layout_cave_pools, bloody_trog, minitemple, uniq_menkaure

Skill      XL: |  1  2  3  4  5 |
---------------+----------------+-----
Axes           | 3 4 5 |  5.0
Fighting       | 4 |  4.6
Shields        | 4 |  4.1
Armour         | |  3.5

Action                   |  1- 3 |  4- 6 || total
-------------------------+-------+-------++-------
Melee: War axe           |    64 |    89 ||   153
       Mace              |       |    12 ||    12
  Use: Scroll            |       |     4 ||     4
Armor: Scale mail        |    38 |    35 ||    73
Dodge: Dodged            |    29 |    45 ||    74
Block: Kite shield       |    49 |    60 ||   109
